 Dungeon Crawl Stone Soup version 0.27.1 (webtiles) character file.

Game seed: 5207236736214815590

318 Malachi the Ruffian (level 6, 0/63 HPs)
             Began as a Troll Monk on Aug 24, 2021.
             Slain by an iguana (10 damage)
             ... on level 4 of the Dungeon.
             The game lasted 00:02:58 (2511 turns).

Malachi the Ruffian (Troll Monk)                    Turns: 2511, Time: 00:02:58

Health: 0/63       AC:  5    Str: 21 (22) XL:     6   Next: 21%
Magic:  5/5        EV: 10    Int:  4 (6)  God:
Gold:   59         SH:  0    Dex: 10 (12) Spells: 5/5 levels left

rFire    . . .     SeeInvis +     - Unarmed
rCold    . . .     Faith    .   (no shield)
rNeg     . . .     Spirit   .   a - +1 robe
rPois    .         Reflect  .   (helmet restricted)
rElec    .         Harm     .   (no cloak)
rCorr    .         Rampage  .   (gloves unavailable)
Will     .....                  (boots unavailable)
Stlth    +.........             i - amulet of regeneration
HPRegen  2.20/turn              l - ring of see invisible
MPRegen  0.09/turn              (no ring)

@: no status effects
A: large, unfitting armour, claws 3, regeneration 1, shaggy fur 1, tough skin 1
a: no special abilities


You were on level 4 of the Dungeon.
You visited 1 branch of the dungeon, and saw 4 of its levels.

You collected 59 gold pieces.

Inventory:

Missiles
 k - 7 boomerangs (quivered)
Armour
 a - a +1 robe (worn)
Jewellery
 i - an amulet of regeneration (around neck)
 l - a ring of see invisible (left claw)
Scrolls
 c - a scroll of amnesia
 f - 3 scrolls of identify


   Skills:
 * Level 4.4 Fighting
 - Level 2.4 Dodging
 - Level 1.0 Stealth
 * Level 5.3 Unarmed Combat


You had 5 spell levels left.
You didn't know any spells.
Your spell library contained the following spells:

 Spells                   Type           Power      Damage    Failure   Level
 Gell's Gravitas          Tloc           0%         N/A       86%         3
 Lesser Beckoning         Tloc           0%         N/A       86%         3
 Teleport Other           Tloc           0%         N/A       86%         3


Dungeon Overview and Level Annotations

Branches:
Dungeon (4/15)
 Temple: D:4-7

Altars:

Annotations:
D:4 Eustachio, Grinder


Innate Abilities, Weirdness & Mutations

You are too large for most types of armour.
You have claws for hands.
Your natural rate of healing is unusually fast.
You are covered in fur. (AC +1)
You have tough skin. (AC +1)


Message History

You writhe in agony.
* * * LOW HITPOINT WARNING * * *
Your adder skeleton bites Eustachio but does no damage.
Unknown command.
Unknown command.
You closely miss Grinder.
Grinder is moderately wounded.
Eustachio casts a spell.
Your goblin misses Grinder.
Your orc barely misses Grinder.
The iguana barely misses you.
Your hound bites the iguana.
The crimson imp hits your adder skeleton.
The crimson imp closely misses you.
Your adder skeleton bites the crimson imp but does no damage.
Unknown command.
Unknown command.
Unknown command.
You closely miss Grinder.
Grinder is moderately wounded.
Your hound bites the iguana.
Grinder barely misses you. The bat hits your adder skeleton.
Your goblin misses Grinder.
The iguana bites you but does no damage.
Your orc hits Grinder but does no damage.
The crimson imp blinks!
The crimson imp barely misses you.
Your hound barely misses the iguana.
Unknown command.
Unknown command.
Unknown command.
You aren't carrying any potions.
Unknown command.
You barely miss Grinder.
Grinder is moderately wounded.
The crimson imp disappears in a puff of smoke!
Grinder hits you!
* * * LOW HITPOINT WARNING * * *
You writhe in agony.
* * * LOW HITPOINT WARNING * * *
Your orc barely misses Grinder.
Your goblin hits Grinder with a +0 dagger.
The iguana bites you!
You die...

#.#..# #
#.#.###[#####...
#........#.....#
#........#.5...# #
#...#.##>#.......#
#.....# #..Z§.#.
#..##.# # .h.@5
#..##.##.# #lb#
#........# #@# .
#####)####
#5###....
#......######go...#
#.##.#......o####.#
# #......##.#
###..#.##.####.#
#..#.........#
....#.#..######
####......#


You could see Eustachio, Grinder (invisible), an iguana (ally target), a crimson
imp (summoned, ally target), a shadow imp (summoned, ally target), a bat
(summoned), a friendly hound (summoned), a friendly orc priest (summoned), a
friendly orc (summoned), a friendly goblin (summoned) and a friendly adder
skeleton (summoned).

Vanquished Creatures
  Sigmund (D:2)
  A jelly (D:3)
  An orc wizard (D:3)
  4 gnolls (D:3)
  An adder (D:2)
  A dart slug (D:2)
  4 orcs
  3 ball pythons
  4 bats
  4 endoplasms
  A giant cockroach (D:3)
  3 goblins
  4 hobgoblins
  8 jackals
  3 quokkas
  3 frilled lizards
  9 kobolds
  3 rats
58 creatures vanquished.

Vanquished Creatures (others)
  A toadstool (D:1)
1 creature vanquished.

Grand Total: 59 creatures vanquished

Notes
Turn   | Place    | Note
-------+----------+-------------------------------------------
     0 | D:1      | Malachi the Troll Monk began the quest for the Orb.
     0 | D:1      | Reached XP level 1. HP: 22/22 MP: 0/0
   121 | D:1      | Reached XP level 2. HP: 29/29 MP: 1/1
   137 | D:1      | Found a faded altar of an unknown god.
   731 | D:2      | Noticed Sigmund
   857 | D:2      | Reached XP level 3. HP: 31/37 MP: 2/2
  1475 | D:2      | Killed Sigmund
  1476 | D:2      | Reached skill level 4 in Unarmed Combat
  1476 | D:2      | Reached XP level 4. HP: 42/48 MP: 3/3
  1476 | D:2      | Reached XP level 5. HP: 47/54 MP: 4/4
  1673 | D:3      | Reached skill level 5 in Unarmed Combat
  1853 | D:3      | Reached XP level 6. HP: 63/63 MP: 5/5
  2490 | D:4      | Noticed Grinder
  2491 | D:4      | Noticed Eustachio
  2499 | D:4      | Paralysed by Grinder for 7 turns
  2511 | D:4      | Slain by an iguana

Illustrated notes

Levels and vault maps discovered:
D:1:      nagdon_arrival_zigzag_paths, layout_basic,
          ebering_ecumenical_altar_webs
D:2:      layout_basic, uniq_sigmund
D:3:      layout_loops_ring, grunt_decor_junction
D:4:      minmay_thinvault, layout_loops_cross, uniq_robin, uniq_natasha,
          uniq_eustachio, uniq_grinder

Skill      XL: |  1  2  3  4  5 |
---------------+----------------+-----
Fighting       | 3 4 |  4.4
Unarmed Combat | 4 5 |  5.3
Dodging        | |  2.4
Stealth        | |  1.0

Action                   |  1- 3 |  4- 6 || total
-------------------------+-------+-------++-------
Melee: Unarmed           |    86 |    79 ||   165
       Punch             |       |     1 ||     1
  Use: Scroll            |       |     8 ||     8
       Potion            |       |     5 ||     5
 Stab: Sleeping          |     3 |     2 ||     5
Armor: Robe              |    26 |    21 ||    47
Dodge: Dodged            |    33 |    39 ||    72
